 Dungeon Crawl Stone Soup version 0.16-a0-3494-g28000b7 (webtiles) character file.

14203 Miyamura the Fighter (level 11, -1/95 HPs)
             Began as a White Draconian Transmuter on Jan 4, 2015.
             Was a Believer of Ashenzari.
             Slain by a blink frog (11 damage)
             ... on level 1 of the Lair of Beasts.
             The game lasted 01:14:37 (20072 turns).

Miyamura the Fighter (White Draconian Transmuter)  Turns: 20072, Time: 01:14:37

Health: -1/95      AC: 12    Str: 12    XL:     11   Next: 85%
Magic:  26/26      EV: 17    Int: 18    God:    Ashenzari [**....]
Gold:   938        SH:  0    Dex: 14    Spells: 5 memorised, 5 levels left

rFire  . . .     SeeInvis .     o - melded +9 dagger of Twilight {speed, rF+ rN+ SInv} (curse)
rCold  + . .     Clarity  .     (armour unavailable)
rNeg   . . .     SustAb   .     l - melded +7 shield of Xuw Niothro {Str-4 Int+3} (curse)
rPois  .         Gourm    .     u - +2 hat {Int+3} (curse)
rElec  .         Spirit   .     B - +0 cloak (curse)
rCorr  .         Warding  .     w - melded +1 pair of gloves (curse)
rMut   .         Stasis   .     J - +1 pair of boots {Stlth+} (curse)
MR     .....                    (no amulet)
Stlth  +++.......               b - ring of flight
                                f - ring of wizardry (curse)

@: about to teleport, blade hands (expiring), not resistant to hostile
enchantments, fairly stealthy
A: breathe frost, unfitting armour, talons 1, cold resistance 1, screaming 1,
cold-blooded, AC +7
a: Breathe Frost, End Transformation, Renounce Religion, Evoke Flight


You were on level 1 of the Lair of Beasts.
You worshipped Ashenzari.
Ashenzari was pleased with you.
You were hungry.
You had blades for hands.
You visited 4 branches of the dungeon, and saw 14 of its levels.

You collected 1019 gold pieces.
You spent 81 gold pieces at shops.

Inventory:

Hand weapons
 o - the cursed +9 dagger of Twilight (melded) {speed, rF+ rN+ SInv}
   (You found it on level 1 of the Lair of Beasts)

   Attacks with this weapon are significantly faster.
   It protects you from fire.
   It protects you from negative energy.
   It enhances your eyesight.
   It has a curse placed upon it.
Armour
 l - the cursed +7 shield of Xuw Niothro (melded) {Str-4 Int+3}
   (You found it on level 5 of the Dungeon)

   It affects your strength (-4).
   It affects your intelligence (+3).
   It has a curse placed upon it.
 u - a cursed +2 hat of intelligence (worn)
 w - a cursed +1 pair of gloves (melded)
 B - a cursed +0 cloak (worn)
 J - a cursed +1 pair of boots of stealth (worn)
Jewellery
 b - a ring of flight (right scythe-like blade)
 f - a cursed ring of wizardry (left scythe-like blade)
Magical devices
 m - a wand of slowing (22)
 E - a wand of paralysis (6)
 F - a wand of digging (11)
 K - a wand of magic darts (24)
 M - a wand of teleportation (6)
 N - a wand of frost (35)
Scrolls
 g - 2 scrolls of curse armour
 h - a scroll of amnesia
 n - a scroll of curse weapon
 p - 3 scrolls of recharging
 q - 2 scrolls of magic mapping
 G - a scroll of fog
 I - a scroll of curse jewellery
 P - a scroll of identify
Potions
 e - a potion of brilliance
 i - a potion of resistance
 k - a potion of magic
 r - 2 potions of cancellation
 s - 2 potions of restore abilities
 z - 2 potions of haste
 C - a potion of invisibility {unknown}
 D - a potion of might {unknown}
 O - a potion of lignification {unknown}
Books
 d - a book of Changes

   Spells                             Type                      Level
   a - Beastly Appendage              Transmutation                1
   b - Sticks to Snakes               Transmutation                2
   c - Spider Form                    Transmutation/Poison         3
   d - Ice Form                       Ice/Transmutation            4
   e - Blade Hands                    Transmutation                5
 t - a book of Annihilations {highlevel}

   This book is beyond your current level of understanding.

   Spells                             Type                      Level
   a - Poison Arrow                   Conjuration/Poison           6
   b - Chain Lightning                Conjuration/Air              8
   c - Lehudib's Crystal Spear        Conjuration/Earth            8
   d - Glaciate                       Conjuration/Ice              9
   e - Fire Storm                     Conjuration/Fire             9
 v - a book of Death

   Spells                             Type                      Level
   a - Corpse Rot                     Necromancy                   2
   b - Sublimation of Blood           Necromancy                   2
   c - Agony                          Necromancy                   5
   d - Dispel Undead                  Necromancy                   5
   e - Excruciating Wounds            Charms/Necromancy            5
   f - Bolt of Draining               Conjuration/Necromancy       5
 y - a book of Enchantments

   Spells                             Type                      Level
   a - Tukima's Dance                 Hexes                        3
   b - Cause Fear                     Hexes                        4
   c - Silence                        Hexes/Air                    5
   d - Deflect Missiles               Charms/Air                   6
   e - Haste                          Charms                       6
   f - Discord                        Hexes                        8
Comestibles
 a - 11 bread rations
 j - 9 meat rations
 A - 11 royal jellies


   Skills:
 - Level 8.4 Fighting
 - Level 7.0(9.4) Dodging
 + Level 8.2(9.7) Shields
 - Level 8.3 Unarmed Combat
 - Level 7.2 Spellcasting
 - Level 7.8 Transmutations
 - Level 5.4 Ice Magic


You had 5 spell levels left.
You knew the following spells:

 Your Spells              Type           Power        Failure   Level  Hunger
a - Beastly Appendage     Trmt           ####..       4%          1    None
b - Blade Hands           Trmt           ####......   26%         5    #####..
c - Ice Form              Ice/Trmt       ####....     21%         4    ###....
d - Haste                 Chrm           #.......     100%        6    ######.
s - Spider Form           Trmt/Pois      ###.......   21%         3    #......


Dungeon Overview and Level Annotations

Branches:
Dungeon (10/15)            Temple (1/1) D:6            Lair (1/8) D:8
    Orc (2/4) D:9

Altars:
Ashenzari
Cheibriados
Dithmenos
Elyvilon
Fedhas
Gozag
Kikubaaqudgha
Makhleb
Nemelex Xobeh
Okawaru
Qazlal
Ru
Sif Muna
Trog
Vehumet
Xom
Yredelemnul
Zin
The Shining One

Shops:
D:8 *   D:9 ?   Orc:2 (

Annotations:
D:4 Menkaure


Innate Abilities, Weirdness & Mutations

You can breathe waves of freezing cold.
You can buffet flying creatures when you breathe cold.
Your icy white scales are hard (AC +7).
Your body does not fit into most forms of armour.
Your flesh is cold resistant.
Your cold-blooded metabolism reacts poorly to cold.
You have sharp toenails.
You occasionally shout uncontrollably at your foes.


Message History

Drink which item? (? for menu, Esc to quit)
You feel better. The wolf bites you but does no damage.
The wolf bites you but does no damage.
Evoke which item? (* to show all) (? for menu, Esc to quit)
You have no means to grasp a wand firmly enough.
You can't do that in your present form.
Read which item? (? for menu, Esc to quit)
As you read the scroll of teleportation, it crumbles to dust.
You feel strangely unstable. The wolf bites you but does no damage.
The wolf bites you!
* * * LOW HITPOINT WARNING * * *
The blink frog hits you!
* * * LOW HITPOINT WARNING * * *
Drink which item? (? for menu, Esc to quit)
Okay, then.
Read which item? (? for menu, Esc to quit)
Okay, then.
Drink which item? (? for menu, Esc to quit)
You feel better. The wolf completely misses you. The blink frog hits you!
You die...

#..## , #...##
., ##...##*,*
.... ,
##...###*
..... ##....#*
.....F ,
##...###
....... *
##...P#
.......
##...##F......
##..@#FF......
#..Fh# , , ,
###F.F# ,,, ,
##...#, ,
##.... , , *
*#.... , , , *
, ..... , ,
.... * , ... ,


You could see 3 blink frogs and a wolf.

Vanquished Creatures
  Gastronok (Lair:1)
  Urug (D:10)
  The ghost of Noname the Fighter, an experienced DsAr of Nemelex Xobeh (D:8)
  2 hill giants
  An orc sorcerer (Orc:2)
  Maurice (D:8)
  Joseph (D:7)
  A komodo dragon (D:8)
  2 trolls (D:10)
  2 two-headed ogres (D:10)
  A blink frog (Lair:1)
  A deep elf mage (D:10)
  9 yaks (D:10)
  A hungry ghost (D:7)
  A warg (Orc:1)
  Edmund (D:5)
  A steam dragon (D:8)
  4 wolves (Lair:1)
  A water moccasin (D:7)
  3 porcupines (Lair:1)
  9 orc warriors
  3 sky beasts
  A black bear (D:6)
  5 ice beasts
  2 phantoms
  4 ogres
  4 crocodiles
  3 centaurs
  Blork the orc (D:7)
  8 giant frogs
  2 water moccasin skeletons
  5 scorpions
  4 hounds
  4 centaur skeletons
  A giant frog zombie (D:9)
  10 orc priests
  10 jellies
  18 orc wizards
  5 iguanas
  11 worker ants
  A killer bee zombie (D:7)
  A hound zombie (D:8)
  2 hound skeletons
  6 gnolls
  5 giant mites
  10 adders
  2 shadow imps
  4 worms
  2 adder skeletons
  An adder zombie (D:9)
  8 oozes
  104 orcs
  21 bats
  2 bat skeletons
  8 giant cockroaches
  15 hobgoblins
  4 jackals (D:8)
  15 kobolds
  5 quokkas
  5 giant geckos
  9 giant newts
  18 goblins
  2 jackal skeletons
  2 quokka skeletons
  14 rats
412 creatures vanquished.

Notes
Turn   | Place    | Note
--------------------------------------------------------------
     0 | D:1      | Miyamura, the Draconian Transmuter, began the quest for the Orb.
     0 | D:1      | Reached XP level 1. HP: 16/16 MP: 3/3
   392 | D:1      | Reached XP level 2. HP: 22/24 MP: 1/4
   998 | D:2      | Reached XP level 3. HP: 24/29 MP: 4/6
  1172 | D:2      | Learned a level 3 spell: Spider Form
  1213 | D:2      | Found a stormy altar of Qazlal.
  1542 | D:2      | Reached XP level 4. HP: 30/37 MP: 6/8
  2792 | D:3      | Found a snail-covered altar of Cheibriados.
  3526 | D:3      | Reached XP level 5. HP: 29/42 MP: 6/10
  4329 | D:4      | Learned a level 4 spell: Ice Form
  4350 | D:4      | Found a shadowy altar of Dithmenos.
  4547 | D:4      | Reached skill level 4 in Unarmed Combat
  4608 | D:4      | Reached XP level 6. HP: 20/51 MP: 13/13
  4897 | D:4      | Noticed an ogre
  4913 | D:4      | Killed an ogre
  5114 | D:5      | Entered Level 5 of the Dungeon
  5149 | D:5      | Found an iron altar of Okawaru.
  5270 | D:5      | Noticed Menkaure
  5728 | D:5      | Got a shimmering shield
  5752 | D:5      | Your scales start taking on an icy white colour.
  5752 | D:5      | Gained mutation: Your flesh is cold resistant. [draconian maturity]
  5752 | D:5      | Reached XP level 7. HP: 44/58 MP: 15/15
  6007 | D:5      | Learned a level 5 spell: Blade Hands
  6368 | D:5      | Noticed Edmund
  6383 | D:5      | Killed Edmund
  6673 | D:5      | Reached skill level 5 in Unarmed Combat
  6830 | D:5      | Found a radiant altar of Vehumet.
  7061 | D:5      | Reached XP level 8. HP: 62/67 MP: 15/18
  7190 | D:6      | Reached skill level 5 in Fighting
  7568 | D:6      | Gained mutation: You occasionally shout uncontrollably at your foes. [mutagenic meat]
  7569 | D:6      | Gained mutation: You have sharp toenails. [mutagenic meat]
  7594 | D:6      | Reached skill level 5 in Transmutations
  7841 | D:6      | Reached skill level 5 in Spellcasting
  7931 | D:6      | Found a staircase to the Ecumenical Temple.
  7961 | Temple   | Entered the Ecumenical Temple
  8057 | Temple   | Became a worshipper of Ashenzari the Shackled
  8199 | D:7      | Noticed Blork the orc
  8213 | D:7      | Killed Blork the orc
  8339 | D:7      | Reached skill level 6 in Unarmed Combat
  8591 | D:7      | Reached XP level 9. HP: 75/75 MP: 6/21
  8729 | D:7      | Noticed Joseph
  8943 | D:7      | Killed Joseph
  8943 | D:7      | Reached skill level 5 in Dodging
 10195 | D:7      | Found a glowing golden altar of the Shining One.
 10200 | D:7      | Found a sparkling altar of Nemelex Xobeh.
 10200 | D:7      | Found a white marble altar of Elyvilon.
 10252 | D:7      | Reached skill level 1 in Ice Magic
 10789 | D:7      | Reached skill level 7 in Fighting
 10879 | D:8      | Noticed Noname's ghost (experienced DsAr)
 10894 | D:8      | Killed Noname's ghost
 10894 | D:8      | Reached XP level 10. HP: 86/86 MP: 11/24
 10977 | D:8      | Found Wilier's General Store.
 10991 | D:8      | Bought a potion of curing for 42 gold pieces
 11295 | D:8      | Noticed a komodo dragon
 11311 | D:8      | Killed a komodo dragon
 11630 | D:8      | Learned a level 6 spell: Haste
 11702 | D:8      | Found a staircase to the Lair.
 12176 | D:8      | Noticed Maurice
 12189 | D:8      | Killed Maurice
 12256 | D:9      | Found Tritt's Magic Scroll Shoppe.
 12265 | D:9      | Bought a scroll of teleportation for 39 gold pieces
 12860 | D:9      | Found a staircase to the Orcish Mines.
 13673 | D:9      | Noticed a hill giant
 13688 | D:9      | Killed a hill giant
 13826 | D:10     | Entered Level 10 of the Dungeon
 13863 | D:10     | Noticed a hill giant
 14309 | D:10     | Reached skill level 8 in Fighting
 14732 | D:10     | Reached skill level 5 in Ice Magic
 14735 | D:10     | Reached XP level 11. HP: 38/95 MP: 24/26
 15146 | D:10     | Killed a hill giant
 15454 | D:10     | Noticed Urug
 15483 | D:10     | Killed Urug
 15713 | D:10     | Identified a scroll of acquirement
 15730 | D:10     | Identified the +7 shield of Xuw Niothro {Str-4 Int+3} (You found it on level 5 of the Dungeon)
 15759 | D:10     | Reached skill level 1 in Shields
 16485 | Orc:1    | Entered Level 1 of the Orcish Mines
 17131 | Orc:2    | Found Braiq's Antique Weapon Shop.
 17467 | Orc:2    | Acquired Ashenzari's first power
 18292 | Orc:2    | Noticed a soul eater
 18294 | Orc:2    | Reached skill level 5 in Shields
 19105 | Lair:1   | Entered Level 1 of the Lair of Beasts
 19115 | Lair:1   | Noticed a five-headed hydra
 19200 | D:8      | HP: 3/114 [giant frog (5)]
 19720 | Lair:1   | Identified the +9 dagger of Twilight {speed, rF+ rN+ SInv}
 19721 | Lair:1   | Noticed Gastronok
 19767 | Lair:1   | Killed Gastronok
 20071 | Lair:1   | HP: 3/95 [blink frog (10)]
 20072 | Lair:1   | Slain by a blink frog

Action                   |  1- 3 |  4- 6 |  7- 9 | 10-12 || total
-------------------------+-------+-------+-------+-------++-------
Melee: Unarmed           |   129 |   250 |   425 |   483 ||  1287
       Dagger            |       |     7 |       |   153 ||   160
 Cast: Beastly Appendage |    31 |    40 |    12 |     6 ||    89
       Spider Form       |       |     6 |    23 |    23 ||    52
       Ice Form          |       |       |    14 |    24 ||    38
       Blade Hands       |       |       |       |     2 ||     2
 Abil: End Transformatio |       |       |       |    13 ||    13
Evoke: Wand              |       |     1 |       |       ||     1
  Use: Scroll            |     5 |     8 |     6 |    21 ||    40
       Potion            |       |     1 |     2 |     4 ||     7
 Stab: Sleeping          |       |       |     2 |     2 ||     4
  Eat: Chunk             |     2 |    10 |    26 |    33 ||    71
       Meat ration       |       |     1 |       |       ||     1
       Pizza             |       |       |       |     1 ||     1
       Beef jerky        |       |       |       |     1 ||     1
